 Dungeon Crawl Stone Soup version 0.21.1-1-g345015f (webtiles) character file.

135 EuclidGuy the Conjurer (level 4, -3/36 HPs)
             Began as a Draconian Conjurer on July 7, 2018.
             Was an Initiate of Yredelemnul.
             Killed from afar by Natasha (9 damage)
             ... with a wand of flame (17)
             ... on level 3 of the Dungeon.
             The game lasted 00:28:46 (3454 turns).

EuclidGuy the Conjurer (Draconian Conjurer)         Turns: 3454, Time: 00:28:47

Health: -3/36      AC:  7    Str: 15    XL:     4   Next: 97%
Magic:  0/8        EV: 13    Int: 17    God:    Yredelemnul [......]
Gold:   132        SH:  0    Dex: 11    Spells: 5/8 levels left

rFire    . . .     SeeInvis .   x - +1 flail
rCold    . . .     Gourm    .   (no shield)
rNeg     + . .     Faith    .   (armour unavailable)
rPois    .         Spirit   .   (helmet restricted)
rElec    .         Reflect  .   n - +0 cloak
rCorr    .         Harm     .   (no gloves)
MR       .....                  m - +0 pair of boots
Stlth    ++........             (no amulet)
HPRegen  0.12/turn              v - ring of positive energy
MPRegen  0.11/turn              (no ring)

@: mighty
A: unfitting armour, cold-blooded, AC +5
a: Renounce Religion


You were on level 3 of the Dungeon.
You worshipped Yredelemnul.
Yredelemnul was noncommittal.
You were not hungry.

You visited 1 branch of the dungeon, and saw 3 of its levels.

You collected 132 gold pieces.

Inventory:

Hand Weapons
 e - a +0 spear
 x - a +1 flail (weapon)
Missiles
 f - 2 tomahawks (quivered)
 g - 74 arrows
 r - 11 poisoned needles
 y - 3 curare-tipped needles
Armour
 m - a +0 pair of boots (worn)
 n - a +0 cloak (worn)
 o - a +0 robe
 u - a +0 robe
 B - a +0 pair of boots
Jewellery
 v - a ring of positive energy (left hand)
Scrolls
 l - a scroll of teleportation
 q - a scroll of remove curse
Potions
 p - a potion of lignification {unknown}
 s - a potion of heal wounds {unknown}
 z - a potion of agility {unknown}
 C - a potion of ambrosia {unknown}
 D - a potion of curing {unknown}
Books
 a - a book of Conjurations

   Spells                             Type                      Level
   a - Magic Dart                     Conjuration                  1
   b - Searing Ray                    Conjuration                  2
   c - Dazzling Spray                 Conjuration/Hexes            3
   d - Fulminant Prism                Conjuration/Hexes            4
   e - Force Lance                    Conjuration/Translocation    4
   f - Iskenderun's Mystic Blast      Conjuration                  4
Comestibles
 b - 4 rations


   Skills:
 + Level 2.0 Fighting
 + Level 2.9 Dodging
 - Level 1.8 Stealth
 + Level 2.6 Spellcasting
 + Level 4.8 Conjurations


You had 5 spell levels left.
You knew the following spells:

 Your Spells              Type           Power        Failure   Level  Hunger
a - Magic Dart            Conj           ###.         2%          1    #......
b - Searing Ray           Conj           ###...       3%          2    ##.....


Dungeon Overview and Level Annotations

Branches:
Dungeon (3/15)

Altars:
Cheibriados
Dithmenos
Kikubaaqudgha
Ru
Xom
Yredelemnul

Annotations:
D:3 Natasha


Innate Abilities, Weirdness & Mutations

Your plain brown scales are hard. (AC +5)
You cannot fit into any form of body armour.
You are cold-blooded and may be slowed by cold attacks.


Message History

Natasha claws you.
Casting: Searing Ray
Confirm with . or Enter, or press ? or * to list all spells.
Aiming: Magic Dart
Press: ? - help, Shift-Dir - straight line, f/p - Natasha
Aim: Natasha, carrying a wand of flame (18) (moderately wounded)
The magic dart hits Natasha.
Natasha is heavily wounded.
Natasha zaps a wand.
The puff of flame hits you!
* * * LOW HITPOINT WARNING * * *
Casting: Magic Dart
Confirm with . or Enter, or press ? or * to list all spells.
Aiming: Magic Dart
Press: ? - help, Shift-Dir - straight line, f/p - Natasha
Aim: Natasha, carrying a wand of flame (17) (heavily wounded)
The magic dart hits Natasha.
Natasha is almost dead.
Natasha zaps a wand.
The puff of flame hits you!
You die...
Your body rises from the dead as a mindless zombie.

#.#####..###.#..##########
#............(............
#.###....#####h..#######.#
#.........# #.#.# #.#
#####.##.#####h#.# #.#
#....##....#.# #..
####.##5####.## #..
####'##.# #(.# #..
####....@#.# ##.## #..
###.##....h#.# #..# #..
##............# ##.#####..
#..P.P..##..### #........
#..._....#..# ##.......
#..P.P..##.## #.......
#..........# #.......
#..###..##.# #..###.. ##.#
#..##.# ##.###..


You could see Natasha.

Vanquished Creatures
  Natasha (twice) (D:3)
  3 adders
  A worm (D:2)
  A leopard gecko (D:1)
  An orc (D:3)
  10 bats
  2 giant cockroaches (D:3)
  8 goblins
  4 hobgoblins
  9 jackals
  3 frilled lizards
  3 kobolds
  6 rats
53 creatures vanquished.

Notes
Turn   | Place    | Note
-------+----------+-------------------------------------------
     0 | D:1      | EuclidGuy the Draconian Conjurer began the quest for the Orb.
     0 | D:1      | Reached XP level 1. HP: 14/14 MP: 3/3
   400 | D:1      | Reached XP level 2. HP: 20/20 MP: 5/5
  1053 | D:2      | Found a sacrificial altar of Ru.
  1125 | D:2      | Reached XP level 3. HP: 27/27 MP: 0/6
  1129 | D:2      | Learned a level 2 spell: Searing Ray
  1133 | D:2      | Found an ancient bone altar of Kikubaaqudgha.
  1140 | D:2      | Reached skill level 1 in Fighting
  1290 | D:2      | Found a snail-covered altar of Cheibriados.
  1498 | D:2      | Found a shimmering altar of Xom.
  1942 | D:3      | Found a basalt altar of Yredelemnul.
  2346 | D:3      | Noticed Natasha
  2407 | D:2      | Reached XP level 4. HP: 29/35 MP: 1/7
  2516 | D:3      | Became a worshipper of Yredelemnul the Dark
  2859 | D:3      | Found a shadowy altar of Dithmenos.
  2963 | D:3      | Killed Natasha
  3004 | D:3      | Noticed Natasha
  3016 | D:3      | Killed Natasha
  3045 | D:3      | Noticed Natasha
  3454 | D:3      | Killed from afar by Natasha

Skill      XL: |  1  2  3  4 |
---------------+-------------+-----
Dodging        | 2 |  2.9
Fighting       | 1 2 |  2.0
Stealth        | |  1.8
Spellcasting   | |  2.6
Conjurations   | |  4.8

Action                   |  1- 3 |  4- 6 || total
-------------------------+-------+-------++-------
Melee: Spear             |    51 |    12 ||    63
       Tailslap          |     7 |     1 ||     8
Throw: Tomahawk          |    24 |     5 ||    29
 Cast: Magic Dart        |    54 |    19 ||    73
       Searing Ray       |     9 |     8 ||    17
  Use: Scroll            |       |     8 ||     8
       Potion            |       |     2 ||     2
  Eat: Ration            |     2 |     1 ||     3
       Chunk             |       |     1 ||     1
Armor: Skin              |    47 |    12 ||    59
Dodge: Dodged            |   108 |    28 ||   136
